Map: Oxide LE

Players

Heeebster - Winner!

  • Race: Protoss Protoss
  • League: Diamond
  • Spawn Location: 7:00

TossEasyRace

  • Race: Terran Terran
  • Spawn Location: 1:00

VOD

Have the link to the VOD?

Description

Time

  • Played on: Nov. 15, 2020, 4:09 p.m.
  • Length: 4:41
Show
View Real Time Build Order
Export as new Build Order

Heeebster Protoss - Winner!

Build Orders: Oracle Opening 

Get SALT Encoding   

  12  0:00  Probe  
  13  0:13  Pylon  
  13  0:17  Probe  
  14  0:29  Probe (Chrono Boost)  
  14  0:35  Gateway  
  15  0:42  Probe (Chrono Boost)  
  16  0:43  Assimilator  
  16  0:48  Assimilator  
  16  0:51  Probe (Chrono Boost)  
  17  1:01  Probe  
  18  1:13  Probe  
  19  1:22  Cybernetics Core  
  19  1:25  Pylon  
  19  1:26  Probe  
  20  1:38  Probe  
  21  1:45  Pylon  
  21  1:50  Probe  
  22  1:56  Stalker (Chrono Boost)  
  22  1:59  Warp Gate  
  24  2:04  Stargate  
  24  2:18  Stalker  
  25  2:31  Probe  
  25  2:35  Gateway  
  26  2:43  Probe  
  30  3:05  Pylon  
  30  3:12  Oracle (Chrono Boost)  
  30  3:13  Gateway  
  30  3:14  Gateway  
  30  3:18  Pylon  
  30  3:40  Oracle  
  28  3:58  Stalker x2  
  32  4:08  Stalker  
  32  4:09  Zealot  
  40  4:31  Stalker x2  
  44  4:34  Stalker  
Show
View Real Time Build Order
Export as new Build Order

TossEasyRace Terran 

Build Orders: Reaper Expand 

Get SALT Encoding   

  12  0:00  SCV  
  13  0:12  SCV  
  14  0:17  Supply Depot  
  14  0:24  SCV  
  15  0:39  SCV  
  15  0:40  Barracks  
  16  0:45  Refinery  
  16  0:51  SCV  
  17  1:03  SCV  
  18  1:15  SCV  
  19  1:30  Orbital Command  
  19  1:31  Reaper  
  20  1:43  Command Center  
  20  1:52  Supply Depot  
  20  1:56  SCV  
  21  2:03  Marine  
  22  2:10  SCV  
  22  2:15  Factory  
  23  2:22  Refinery  
  23  2:24  SCV  
  23  2:27  Barracks Reactor  
  24  2:37  SCV  
  25  2:49  SCV  
  26  2:58  Factory Tech Lab  
  26  2:59  Orbital Command  
  26  3:05  Marine x2  
  27  3:08  SCV  
  28  3:18  Cyclone  
  28  3:19  Supply Depot  
  31  3:20  SCV  
  31  3:26  Starport, Marine x2  
  34  3:34  SCV  
  34  3:35  SCV  
  35  3:44  Marine x2  
  32  3:57  SCV x2  
  32  3:59  Orbital Command  
  32  4:02  Marine  
  35  4:07  Marine  
  35  4:08  Siege Tank  
  42  4:20  Marine  
  42  4:21  SCV  
  44  4:29  SCV  
Tags
 
Add a new tag
Caveats
  • Supply blocks, unpowered buildings, or Contaminate may cause inaccurate times.
  • Supply counts are checked every 10 seconds.